 Dungeon Crawl Stone Soup version 0.27.0-1-g7a089689b8 (webtiles) character file.

Game seed: 1509253093519636925

393 sakkuzi the Skirmisher (level 6, -5/55 HPs)
             Began as a Minotaur Berserker on Aug 10, 2021.
             Was a Priest of Trog.
             Slain by an ogre (17 damage)
             ... on level 4 of the Dungeon.
             The game lasted 00:14:49 (3634 turns).

sakkuzi the Skirmisher (Minotaur Berserker)         Turns: 3634, Time: 00:14:50

Health: -5/55      AC: 11    Str: 22    XL:     6   Next: 51%
Magic:  5/5        EV: 13    Int:  4    God:    Trog [***...]
Gold:   1385       SH:  0    Dex: 11    Spells: 5/5 levels left

rFire    . . .     SeeInvis .   e - +3 quarterstaff (chaos)
rCold    . . .     Faith    .   (shield currently unavailable)
rNeg     . . .     Spirit   .   m - +0 chain mail
rPois    .         Reflect  .   (helmet restricted)
rElec    .         Harm     .   j - +0 cloak
rCorr    .         Rampage  .   g - +0 pair of gloves
Will     .....                  (no boots)
Stlth    ..........             (no amulet)
HPRegen  0.18/turn              d - +4 ring of evasion
MPRegen  0.09/turn              (no ring)

@: no status effects
A: horns 2, retaliatory headbutt
a: Renounce Religion, Berserk, Trog's Hand


You were on level 4 of the Dungeon.
You worshipped Trog.
Trog was most pleased with you.
You visited 1 branch of the dungeon, and saw 5 of its levels.

You collected 1385 gold pieces.

Inventory:

Hand Weapons
 e - a +3 quarterstaff of chaos (weapon)
 f - a +1 mace of holy wrath
 l - a +0 short sword of venom
Missiles
 h - 2 poisoned darts (quivered)
 k - 8 arrows
Armour
 b - a +0 robe of cold resistance
 g - a +0 pair of gloves (worn)
 j - a +0 cloak (worn)
 m - a +0 chain mail (worn)
Jewellery
 d - a +4 ring of evasion (left hand)
Wands
 a - a wand of flame (8)
Scrolls
 o - a scroll of amnesia
Potions
 c - a potion of mutation {unknown}
 i - 2 potions of brilliance
 n - a potion of curing
 p - a potion of haste {unknown}


   Skills:
 + Level 4.8 Fighting
 - Level 4.6(4.8) Axes
 + Level 1.5(4.3) Maces & Flails
 * Level 4.2(4.4) Staves
 + Level 4.2 Armour
 + Level 3.5 Dodging


You had 5 spell levels left.
You didn't know any spells.
Your spell library was empty.

Dungeon Overview and Level Annotations

Branches:
Dungeon (5/15)             Temple (0/1) D:4

Altars:


Innate Abilities, Weirdness & Mutations

You have a pair of horns on your head.
You reflexively headbutt those who attack you in melee.


Message History

Items here: ( )) †.
Things that are here:
a +0 dagger; a +0 leather armour; an orc corpse
Items here: ))) [[[ †.
Items here: ( )) †.
p - a fizzy sapphire potion
Things that are here:
a +0 spear; a +0 whip; a +0 leather armour
Found an escape hatch in the floor.
You now have 1385 gold pieces (gained 8).
i - 2 potions of brilliance (gained 1)
You see here 22 stones.
Done exploring.
(D) Dungeon (T) Temple
Where to? (Enter - D:4, ? - help)
Things that are here:
a +0 dagger; a +0 leather armour; an orc skeleton
There is a stone staircase leading down here.
You climb downwards.
Found a stone staircase leading down.
There is a stone staircase leading up here.
An ogre comes into view. It is wielding a +0 giant spiked club.
The ogre shouts!
You hit the ogre but do no damage.
The ogre is poisoned.
The ogre misses you. You furiously retaliate!
You headbutt the ogre! You hit the ogre.
The ogre flickers and vanishes!
Deactivating autopickup; reactivate with Ctrl-A.
Your headbutt misses something. Something hits you!!
Ouch! That really hurt!
You miss something. Something hits you!
* * * LOW HITPOINT WARNING * * *
There is a stone staircase leading up here.
Something barely misses you.
You climb upwards.
Reactivating autopickup.
There is a stone staircase leading down here.
Deactivating autopickup; reactivate with Ctrl-A.
Your chain mail prevents you from hitting something.
Something hits you!
You die...

..................##......#.#....
...............#..#......##......
..##...........#........###...#..
..##...................## #.)###.
...............###......###.)# ##
...(.....##..................# #.
......#..##...#..............# ##
......##......#.>##...#......####
.#....#.......#.@.....#........##
.##...........................(.#
.............................#...
............................)#.#.
[.....................##.....[.#.
......................#...#..#.).
.....................##...##)##..
.....................#.......##..
...................###.##........


There were no monsters in sight!

Vanquished Creatures
  A necrophage (D:4)
  A gnoll shaman (D:4)
  Crazy Yiuf (D:2)
  Terence (D:3)
  An orc wizard (D:4)
  2 hound skeletons (D:4)
  8 gnolls
  2 adders
  A howler monkey skeleton (D:4)
  A worm (D:4)
  A dart slug (D:1)
  5 orcs
  5 endoplasms
  6 giant cockroaches
  4 goblins
  7 hobgoblins
  2 jackals (D:1)
  2 quokkas
  6 ball pythons
  4 bats
  A frilled lizard (D:1)
  2 kobolds
  8 rats
72 creatures vanquished.

Vanquished Creatures (others)
  5 fungi (D:2)
5 creatures vanquished.

Grand Total: 77 creatures vanquished

Notes
Turn   | Place    | Note
-------+----------+-------------------------------------------
     0 | D:1      | sakkuzi the Minotaur Berserker began the quest for the Orb.
     0 | D:1      | Reached XP level 1. HP: 19/19 MP: 0/0
   167 | D:1      | Reached XP level 2. HP: 20/27 MP: 1/1
   510 | D:1      | Reached ** piety under Trog
   579 | D:1      | Reached XP level 3. HP: 25/33 MP: 2/2
  1014 | D:2      | Found a faded altar of an unknown god.
  1284 | D:2      | Identified a scroll of acquirement
  1284 | D:2      | Acquired 1136 gold pieces
  1475 | D:2      | Found a runed translucent door.
  1476 | D:2      | Noticed Crazy Yiuf
  1485 | D:2      | Killed Crazy Yiuf
  1486 | D:2      | Reached skill level 1 in Maces & Flails
  1486 | D:2      | Reached XP level 4. HP: 41/41 MP: 3/3
  2122 | D:3      | Noticed Terence
  2132 | D:3      | Killed Terence
  2133 | D:3      | Reached skill level 1 in Staves
  2763 | D:4      | Noticed a necrophage
  2769 | D:4      | Reached XP level 5. HP: 39/47 MP: 4/4
  2799 | D:4      | Killed a necrophage
  2802 | D:4      | Reached XP level 6. HP: 19/53 MP: 5/5
  3094 | D:4      | Reached *** piety under Trog
  3253 | D:4      | Found a staircase to the Ecumenical Temple.
  3623 | D:5      | Entered Level 5 of the Dungeon
  3634 | D:4      | Slain by an ogre

Illustrated notes

Levels and vault maps discovered:
D:1:      minmay_arrival_doors, layout_basic, kennysheep_pointless_box
D:2:      layout_rooms, ebering_ecumenical_altar_box, uniq_crazy_yiuf_cottage
D:3:      layout_basic, uniq_terence
D:4:      layout_cave_pools, minmay_temple_entry_sparse_star
D:5:      mumra_celtic_spiral_tile, layout_basic, minitemple,
          minmay_stone_trees_small, grunt_decor_fettered

Skill      XL: |  1  2  3  4  5  6 |
---------------+-------------------+-----
Axes           | 4 |  4.6
Fighting       | 4 |  4.8
Maces & Flails | 1 |  1.5
Armour         | 3 4 |  4.2
Staves         | 1 3 4 |  4.2
Dodging        | 3 |  3.5

Action                   |  1- 3 |  4- 6 || total
-------------------------+-------+-------++-------
Melee: Hand axe          |    24 |       ||    24
       Headbutt          |    13 |    15 ||    28
       Mace              |    40 |       ||    40
       Quarterstaff      |       |    98 ||    98
Invok: Berserk           |     1 |       ||     1
       Trog's Hand       |       |     1 ||     1
  Use: Scroll            |     4 |     8 ||    12
       Potion            |       |     1 ||     1
Armor: Animal skin       |     1 |       ||     1
       Leather armour    |     6 |     1 ||     7
       Scale mail        |       |    38 ||    38
Dodge: Dodged            |    39 |    79 ||   118
